 Dungeon Crawl Stone Soup version 0.18-a0-1468-gaf180a1 (webtiles) character file.

85 namelastname112 the Insei (level 4, 0/38 HPs)
             Began as a Draconian Monk on Mar 2, 2016.
             Slain by a jackal (2 damage)
             ... on level 2 of the Dungeon.
             The game lasted 00:01:23 (1344 turns).

namelastname112 the Insei (Draconian Monk)          Turns: 1344, Time: 00:01:23

Health: 0/38       AC:  5    Str: 13    XL:     4   Next: 25%
Magic:  4/4        EV: 13    Int: 11    God:
Gold:   29         SH:  0    Dex: 14    Spells: 0 memorised, 3 levels left

rFire  . . .     SeeInvis .       - Unarmed
rCold  . . .     Gourm    +     (armour unavailable)
rNeg   . . .     Faith    .     (no shield)
rPois  .         Spirit   .     (helmet restricted)
rElec  .         Dismiss  .     (no cloak)
rCorr  .         Reflect  .     (no gloves)
SustAt .         Harm     .     (no boots)
MR     .....                    g - amulet of the gourmand
Stlth  ++........               (no ring)
                                (no ring)

@: slowed, very slow, not resistant to hostile enchantments, unstealthy
A: unfitting armour, cold-blooded, AC +5
a: no special abilities


You were on level 2 of the Dungeon.
You were not hungry.

You visited 1 branch of the dungeon, and saw 2 of its levels.

You collected 29 gold pieces.

Inventory:

Jewellery
 g - an amulet of the gourmand (around neck)
Scrolls
 b - a scroll of blinking {unknown}
 d - a scroll of teleportation {unknown}
 e - a scroll of identify {unknown}
 i - a scroll of noise {unknown}
 l - a scroll of remove curse {unknown}
Potions
 c - a potion of haste {unknown}
 f - a potion of might {unknown}
 h - a potion of lignification {unknown}
Comestibles
 a - 2 bread rations
 j - a slice of pizza
 k - a meat ration


   Skills:
 - Level 3.2 Fighting
 - Level 2.6 Dodging
 - Level 1.7 Stealth
 + Level 5.8 Unarmed Combat


You had 3 spell levels left.
You didn't know any spells.

Dungeon Overview and Level Annotations

Branches:
Dungeon (2/15)

Altars:
Fedhas


Innate Abilities, Weirdness & Mutations

Your plain brown scales are hard (AC +5).
Your body does not fit into most forms of armour.
You are cold-blooded and may be slowed by cold attacks.


Message History

The jackal bites you but does no damage.
You hit Natasha. You tail-slap Natasha.
You kill Natasha!
Natasha screams in fury as she dies!
You have reached level 4!
You feel clever.
The crimson imp disappears in a puff of smoke!
The white imp disappears in a puff of smoke!
The jackal barely misses you.
The jackal bites you but does no damage.
A jackal comes into view.
You closely miss the jackal. The jackal bites you.
* * * LOW HITPOINT WARNING * * *
A rat comes into view.
The jackal barks!
You hit the jackal.
You kill the jackal!
A jackal comes into view.
The jackal bites you.
You die...

...8 #_## ######. #####
....... #...# .......
#...# .......
####...##....... .
##.......@.#.... ##.
...#....h........ ...##
#.....#r#h.....
.....##.#.†...#......
.....#.#...###...... .#
#.#.$.....S.......!.
...#.##........##......
#.#.###...####.......)
#.....#..#####....


You could see 2 jackals and a rat.

Vanquished Creatures
  Natasha (D:2)
  A gnoll (D:1)
  An adder (D:2)
  2 oozes
  2 giant geckos (D:1)
  A giant cockroach (D:1)
  3 goblins (D:1)
  3 hobgoblins
  5 jackals
  2 kobolds (D:1)
  3 bats (D:1)
  4 giant newts
  4 rats
32 creatures vanquished.

Notes
Turn   | Place    | Note
--------------------------------------------------------------
     0 | D:1      | namelastname112 the Draconian Monk began the quest for the Orb.
     0 | D:1      | Reached XP level 1. HP: 19/19 MP: 1/1
   282 | D:1      | Reached XP level 2. HP: 2/26 MP: 2/2
   995 | D:1      | Reached skill level 5 in Unarmed Combat
   995 | D:1      | Reached XP level 3. HP: 31/31 MP: 3/3
  1312 | D:2      | Noticed Natasha
  1340 | D:2      | Killed Natasha
  1340 | D:2      | Reached XP level 4. HP: 2/38 MP: 4/4
  1341 | D:2      | HP: 1/38 [jackal (1)]
  1344 | D:2      | Found a blossoming altar of Fedhas.
  1344 | D:2      | Slain by a jackal

Vault maps used:
D:1:      dpeg_cavernosity
D:2:      nicolae_overflow_hidden_temple, uniq_natasha

Skill      XL: |  1  2 |
---------------+-------+-----
Unarmed Combat | 5 |  5.8
Fighting       | |  3.2
Dodging        | |  2.6
Stealth        | |  1.7

Action                   |  1- 3 |  4- 6 || total
-------------------------+-------+-------++-------
Melee: Unarmed           |   103 |     2 ||   105
  Use: Potion            |     1 |       ||     1
 Stab: Sleeping          |     3 |       ||     3
  Eat: Chunk             |     2 |       ||     2
